Map: Lost and Found LE

Players

Zest - Winner!

  • Race: Protoss Protoss
  • League: Master
  • Spawn Location: 1:00

Clem

  • Race: Terran Terran
  • League: Grandmaster
  • Spawn Location: 7:00

Event: HomeStory Cup XVII

VOD

Have the link to the VOD?

Description

Time

  • Played on: June 28, 2018, 1:34 p.m.
  • Length: 11:58

All games in this series

Show
View Real Time Build Order
Export as new Build Order

Zest Protoss - Winner!

Build Orders: 1 Gate Expand, Oracle Opening 

Get SALT Encoding   

  12  0:00  Probe  
  13  0:12  Probe  
  14  0:17  Pylon  
  14  0:23  Probe  
  15  0:31  Probe  
  15  0:37  Gateway  
  15  0:39  Probe  
  16  0:46  Assimilator  
  17  0:51  Probe  
  18  1:03  Probe  
  19  1:20  Nexus  
  19  1:30  Cybernetics Core  
  19  1:34  Probe  
  19  1:39  Assimilator  
  20  1:46  Probe  
  21  1:50  Pylon  
  21  1:58  Probe  
  22  2:10  Probe  
  22  2:11  Stargate  
  23  2:21  Warp Gate  
  23  2:22  Probe  
  24  2:24  Adept  
  24  2:28  Probe  
  26  2:30  Probe  
  26  2:36  Probe  
  28  2:38  Probe  
  30  2:46  Oracle, Probe  
  30  2:48  Probe  
  32  2:51  Adept  
  37  2:58  Probe  
  37  3:00  Probe  
  39  3:10  Probe  
  39  3:12  Pylon  
  40  3:13  Probe  
  40  3:15  Oracle  
  41  3:22  Probe  
  41  3:25  Probe  
  46  3:32  Gateway  
  46  3:33  Gateway  
  46  3:35  Probe  
  46  3:36  Adept  
  46  3:39  Shield Battery  
  49  3:41  Probe  
  49  3:47  Probe  
  51  3:49  Oracle  
  54  4:04  Pylon  
  54  4:05  Assimilator  
  54  4:07  Assimilator, Pylon  
  54  4:18  Nexus  
  54  4:22  Probe x2, Pylon  
  56  4:31  Sentry, Zealot  
  56  4:34  Sentry, Pylon  
  56  4:38  Probe x2  
  64  4:56  Sentry, Zealot  
  64  4:57  Forge, Twilight Council, Zealot  
  64  4:58  Probe x2  
  72  5:02  Blink  
  71  5:12  Stalker  
  71  5:13  Stalker  
  71  5:14  Probe x2  
  75  5:23  Stalker, Protoss Ground Weapons Level 1  
  75  5:26  Probe  
  78  5:30  Probe, Pylon  
  79  5:36  Probe  
  79  5:38  Probe  
  79  5:41  Robotics Facility  
  79  5:42  Probe  
  82  5:47  Pylon  
  82  5:48  Probe  
  83  5:50  Probe  
  83  5:54  Probe  
  83  5:55  Gateway  
  83  5:56  Gateway  
  85  5:59  Gateway  
  85  6:05  Gateway  
  85  6:08  Probe x2  
  85  6:09  Probe  
  88  6:19  Immortal  
  88  6:21  Probe  
  88  6:22  Probe x2, Pylon  
  95  6:34  Gateway  
  95  6:36  Probe x3  
  98  6:40  Pylon  
  98  6:45  Charge  
  98  6:52  Probe x3  
  101  6:54  Pylon  
  101  6:56  Assimilator, Shield Battery  
  101  6:58  Immortal  
  101  7:00  Assimilator  
  105  7:08  Protoss Ground Armor Level 1  
  105  7:15  Probe  
  105  7:16  Probe x2  
  105  7:18  Pylon  
  105  7:19  Pylon  
  108  7:29  Stalker x3, Robotics Facility  
  114  7:30  Stalker x4  
  114  7:32  Stalker  
  114  7:33  Robotics Bay  
  118  8:01  Observer  
  118  8:03  Zealot x4  
  118  8:04  Zealot x4  
  132  8:12  Pylon  
  133  8:13  Pylon  
  133  8:15  Nexus  
  133  8:17  Pylon  
  133  8:20  Photon Cannon  
  133  8:22  Photon Cannon  
  133  8:23  Photon Cannon  
  133  8:25  Shield Battery  
  133  8:28  Sentry x4  
  133  8:29  Disruptor, Stalker  
  133  8:30  Stalker x2  
  147  8:37  Disruptor  
  153  8:47  Sentry  
  155  8:54  Disruptor  
  143  9:04  Disruptor  
  142  9:12  Observer Gravitic Boosters  
  142  9:15  Zealot x8  
  157  9:19  Gateway  
  157  9:21  Gateway  
  157  9:33  Photon Cannon  
  157  9:34  Shield Battery  
  157  9:35  Stalker  
  157  9:36  Stalker x4  
  151  9:56  Stalker x3  
  139  10:09  Disruptor, Gravitic Drive  
  139  10:10  Disruptor  
  139  10:14  Probe x2  
  139  10:15  Probe x2  
  139  10:21  Zealot x5  
  146  10:43  Disruptor  
  146  10:44  Disruptor  
  150  10:55  Zealot x10  
  166  11:13  Disruptor, Warp Prism  
  155  11:46  Stalker  
  155  11:47  Stalker x8  
Show
View Real Time Build Order
Export as new Build Order

Clem Terran 

Build Orders: MMM Bio 

Get SALT Encoding   

  12  0:00  SCV  
  13  0:12  SCV  
  14  0:17  Supply Depot  
  14  0:25  SCV  
  15  0:39  SCV  
  15  0:40  Barracks  
  16  0:44  Refinery  
  16  0:51  SCV  
  17  1:03  SCV  
  18  1:18  SCV  
  19  1:26  Marine  
  19  1:30  Orbital Command  
  20  1:44  Command Center  
  20  1:46  Barracks Tech Lab  
  20  1:52  Supply Depot  
  20  1:56  SCV  
  21  2:04  Marauder  
  21  2:05  Concussive Shells  
  23  2:13  SCV  
  24  2:17  Barracks  
  24  2:26  Marauder  
  26  2:31  SCV  
  26  2:36  Barracks  
  27  2:43  SCV  
  28  2:53  Stimpack, Marine  
  28  2:55  SCV  
  28  2:56  Orbital Command  
  30  3:03  Barracks Reactor  
  30  3:07  SCV  
  30  3:08  Engineering Bay  
  31  3:17  Marine  
  31  3:19  SCV  
  33  3:23  SCV  
  34  3:29  Marine  
  34  3:31  SCV  
  34  3:34  Supply Depot, Marine, Terran Infantry Weapons Level 1  
  36  3:35  Missile Turret  
  36  3:37  SCV  
  36  3:40  Marine  
  39  3:44  Missile Turret  
  39  3:46  SCV  
  39  3:47  Marine  
  41  3:49  SCV  
  41  3:53  Marine  
  41  3:54  Marine  
  41  3:59  Marine, SCV  
  41  4:01  SCV  
  43  4:05  Marine  
  44  4:11  Marine, SCV  
  44  4:12  Marine  
  44  4:14  Supply Depot  
  44  4:15  SCV  
  44  4:16  Marine  
  49  4:23  Barracks Tech Lab, SCV  
  50  4:27  SCV  
  50  4:29  Marine  
  50  4:30  Marauder  
  54  4:35  Supply Depot  
  54  4:36  Marine, SCV  
  54  4:37  Refinery  
  56  4:39  SCV  
  56  4:40  Factory  
  56  4:45  Marauder  
  56  4:48  SCV  
  56  4:51  SCV  
  58  4:55  Marine x2  
  58  4:59  Supply Depot, Barracks Tech Lab  
  56  5:00  SCV  
  56  5:03  SCV  
  56  5:04  Refinery  
  54  5:10  Marauder  
  54  5:12  SCV  
  56  5:16  SCV  
  56  5:21  Marine x2  
  57  5:22  Refinery  
  57  5:24  Marine, SCV  
  57  5:25  Supply Depot  
  57  5:26  Combat Shields  
  57  5:28  SCV  
  62  5:31  Marauder  
  64  5:36  SCV  
  64  5:39  Starport, Marine x2  
  64  5:40  SCV  
  68  5:47  Factory Reactor  
  68  5:49  SCV  
  69  5:50  Supply Depot  
  69  5:52  Marauder, SCV  
  69  5:56  Marine  
  69  5:57  Marine  
  72  6:01  Barracks Tech Lab, SCV  
  75  6:04  SCV  
  76  6:11  Command Center  
  76  6:13  Supply Depot  
  76  6:14  Marauder  
  76  6:17  SCV  
  78  6:18  Marine x2  
  78  6:24  Terran Infantry Armor Level 1  
  80  6:26  Supply Depot  
  80  6:31  Factory Reactor, Medivac x2  
  80  6:32  Marauder  
  86  6:35  Marauder  
  88  6:41  Barracks  
  88  6:42  Barracks  
  88  6:44  Marine  
  88  6:45  Marine  
  89  6:51  SCV  
  90  6:55  Marauder  
  90  7:00  Missile Turret  
  92  7:02  Supply Depot, Marine  
  92  7:03  Marine  
  92  7:04  Medivac x2  
  92  7:06  Marauder  
  100  7:11  SCV  
  101  7:16  Supply Depot  
  101  7:19  SCV  
  101  7:20  Marine, Marauder  
  101  7:21  Widow Mine, Marine  
  101  7:22  Widow Mine  
  110  7:24  SCV  
  111  7:32  Engineering Bay, Armory, Barracks Tech Lab  
  111  7:33  Barracks Reactor  
  109  7:40  Marine x2  
  109  7:42  Marauder x2  
  109  7:43  SCV  
  115  7:47  Widow Mine  
  115  7:48  Widow Mine  
  115  7:50  Medivac  
  120  7:53  Medivac  
  117  8:01  Marine x2, SCV x2  
  117  8:05  Liberator, Marauder x2  
  123  8:08  Marauder  
  123  8:10  Orbital Command  
  125  8:13  SCV x2  
  125  8:14  Liberator, Marine x2  
  125  8:17  Supply Depot  
  129  8:26  Widow Mine x2  
  139  8:35  SCV x2  
  139  8:37  SCV  
  139  8:38  Marine x4  
  139  8:39  Marauder  
  139  8:41  Orbital Command  
  143  8:43  Terran Infantry Weapons Level 2  
  143  8:50  Marauder, SCV x2  
  143  8:55  Marauder  
  147  9:01  Marine  
  147  9:02  SCV  
  141  9:03  Liberator, SCV  
  141  9:06  Liberator  
  141  9:07  SCV  
  137  9:11  Missile Turret  
  137  9:12  Widow Mine  
  137  9:14  SCV  
  145  9:26  Marine x4  
  149  9:32  Supply Depot  
  149  9:34  Supply Depot  
  149  9:35  Marauder x3  
  155  9:43  SCV  
  148  9:46  Widow Mine x2, Liberator  
  148  9:48  Supply Depot, Marine  
  148  9:49  Liberator  
  148  9:51  Marine x3  
  153  9:56  Marauder x3, SCV x3  
  153  10:06  Marine  
  148  10:08  SCV x2  
  148  10:09  Marine x2  
  150  10:15  Widow Mine x2, Marine  
  150  10:18  Marauder x2  
  150  10:19  Supply Depot  
  159  10:25  Refinery x2  
  141  10:36  Widow Mine  
  141  10:37  Widow Mine  
  141  10:39  Marauder x2  
  147  10:43  Marine x3  
  147  10:44  Marine x2  
  151  10:58  Widow Mine  
  151  10:59  Widow Mine, Medivac  
  151  11:00  Marine, Marauder  
  151  11:01  Marine, SCV  
  151  11:02  SCV  
  152  11:08  Marine x2, Marauder  
  152  11:09  SCV  
  141  11:17  Marine  
  140  11:18  Marauder  
  140  11:19  Widow Mine, Marine  
  140  11:20  Widow Mine  
  143  11:32  Marine  
  137  11:33  Marauder  
  137  11:34  Marauder  
Tags
 
Add a new tag
Caveats
  • Supply blocks, unpowered buildings, or Contaminate may cause inaccurate times.
  • Supply counts are checked every 10 seconds.